 Dungeon Crawl Stone Soup version 0.29.1-2-gbd0b4ee654 (webtiles) character file.

Game seed: 12852587320801875202

85 qeuew the Conjurer (level 4, -5/24 HPs)
             Began as a Deep Elf Conjurer on Nov 4, 2022.
             Slain by a gnoll
             ... wielding a +0 flail
              (11 damage)
             ... on level 2 of the Dungeon.
             The game lasted 00:04:14 (2414 turns).

qeuew the Conjurer (Deep Elf Conjurer)              Turns: 2414, Time: 00:04:14

Health: -5/24      AC:  4    Str:  4    XL:     4   Next: 25%
Magic:  0/12       EV: 11    Int: 23    God:
Gold:   165        SH:  0    Dex: 15    Spells: 8/11 levels left

rFire   . . .      SeeInvis .   c - +0 short sword
rCold   . . .      Faith    .   (no shield)
rNeg    . . .      Spirit   .   i - +0 leather armour
rPois   .          Reflect  .   (no helmet)
rElec   .          Harm     .   (no cloak)
rCorr   .          Rampage  .   (no gloves)
Will    .....                   a - +0 pair of boots
Stlth   ++........              (no amulet)
HPRegen 0.08/turn               (no ring)
MPRegen 0.13/turn               (no ring)

@: no status effects
A: no striking features
a: no special abilities


You were on level 2 of the Dungeon.
You visited 1 branch of the dungeon, and saw 2 of its levels.

You collected 165 gold pieces.

Inventory:

Hand Weapons
 c - a +0 short sword (weapon)
Armour
 a - a +0 pair of boots (worn)
 i - a +0 leather armour (worn)
Scrolls
 d - a scroll of blinking
 h - a scroll of teleportation
Potions
 b - a potion of magic
 f - a potion of haste {unknown}


   Skills:
 * Level 1.3 Short Blades
 * Level 0.4 Armour
 * Level 2.9 Dodging
 - Level 2.4 Stealth
 * Level 4.2 Spellcasting
 + Level 5.1 Conjurations


You had 8 spell levels left.
You knew the following spells:

 Your Spells              Type           Power      Damage    Failure   Level
a - Magic Dart            Conj           100%       1d8       2%          1
b - Searing Ray           Conj           56%        2d6       3%          2

Your spell library contained the following spells:

 Spells                   Type           Power      Damage    Failure   Level
 Dazzling Flash           Conj/Hex       32%        N/A       19%         3
 Fulminant Prism          Conj/Hex       8%         3d7       54%         4
 Iskenderun's Mystic Bla  Conj/Tloc      16%        2d5       54%         4


Dungeon Overview and Level Annotations

Branches:
Dungeon (2/15)

Altars:


Message History

The magic dart hits the gnoll.
The gnoll is severely wounded.
The gnoll barely misses you.
The magic dart hits the gnoll.
The gnoll is almost dead.
The gnoll hits you from afar with a +0 spear.
You are too injured to fight recklessly!
The gnoll attacks as you move away! The gnoll closely misses you.
Aiming: Searing Ray (safe; 3% risk of failure)
Press: ? - help, Q - select action, (/) - cycle Shift-Dir - straight line, f/p - gnoll
Aim: a gnoll, wielding a +0 spear (almost dead, 82% to hit)
The searing ray hits the gnoll but does no damage.
The searing ray hits the gnoll!
You kill the gnoll! (Press . to maintain the ray.)
The gnoll hits you with a +0 flail.
* * * LOW HITPOINT WARNING * * *
The gnoll attacks as you move away! The gnoll hits you with a +0 flail.
* * * LOW HITPOINT WARNING * * *
It was a potion of curing.
You feel better. The gnoll hits you with a +0 flail!
* * * LOW HITPOINT WARNING * * *
You feel better. The gnoll barely misses you.
Aiming: Searing Ray (safe; 3% risk of failure)
Press: ? - help, Q - select action, (/) - cycle Shift-Dir - straight line, f - gnoll
Aim: a gnoll, wielding a +0 flail (82% to hit)
The searing ray hits the gnoll.
The gnoll is lightly wounded. (Press . to maintain the ray.)
The gnoll hits you with a +0 flail.
* * * LOW HITPOINT WARNING * * *
You hit the gnoll.
The gnoll is heavily wounded.
The gnoll barely misses you.
You completely miss the gnoll.
The gnoll is heavily wounded.
The gnoll barely misses you.
You closely miss the gnoll.
The gnoll is heavily wounded.
The gnoll hits you with a +0 flail!
You die...

#.###### #.....#..# #.##.
#......# ####....#..#
####.##. ######.#
....)...#..# #.......
#.######### #)#..#
#.##.##. #.#.......#
#.#..# #.##.###
#.........# #....#
#....... ###.####..#
#.#..# ####.###
#######.####.#..# #.# #
..........@g.#..#######.#
#
.###.....###.#..........#
# #.....#
###...##.####### #.....#
#............. #...[.#
#...###.#####. #.....#
#...#.......#. #......#
#####.#..##.#. #......#
#.##..#.#. #......#
######.###...#.


You could see a gnoll.

Vanquished Creatures
  2 gnolls (D:2)
  2 adders (D:2)
  2 dart slugs (D:2)
  6 endoplasms
  6 goblins
  4 hobgoblins
  2 jackals (D:1)
  3 kobolds
  5 ball pythons
  3 bats
  6 rats
41 creatures vanquished.

Notes
Turn   | Place    | Note
-------+----------+-------------------------------------------
     0 | D:1      | qeuew the Deep Elf Conjurer began the quest for the Orb.
     0 | D:1      | Reached XP level 1. HP: 10/10 MP: 6/6
   379 | D:1      | Reached XP level 2. HP: 15/15 MP: 5/8
  1251 | D:1      | Learned a level 2 spell: Searing Ray
  1456 | D:2      | Reached XP level 3. HP: 19/19 MP: 7/10
  1485 | D:2      | Reached skill level 5 in Conjurations
  1548 | D:2      | Reached skill level 1 in Short Blades
  2398 | D:2      | Reached XP level 4. HP: 24/24 MP: 6/12
  2406 | D:2      | HP: 1/24 [gnoll/+0 flail (5)]
  2414 | D:2      | Slain by a gnoll

Illustrated notes

Levels and vault maps discovered:
D:1:      minmay_arrival_floating_metal, layout_basic
D:2:      layout_basic

Skill      XL: |  1  2  3 |
---------------+----------+-----
Conjurations   | 5 |  5.1
Short Blades   | 1 |  1.3
Spellcasting   | 4 |  4.2
Armour         | |  0.4
Dodging        | |  2.9
Stealth        | |  2.4

Action                   |  1- 3 |  4- 6 || total
-------------------------+-------+-------++-------
Melee: Short sword       |       |     3 ||     3
 Cast: Magic Dart        |    77 |     4 ||    81
       Searing Ray       |       |     2 ||     2
  Use: Scroll            |     4 |       ||     4
       Potion            |     1 |     2 ||     3
Armor: Leather armour    |     1 |       ||     1
Dodge: Dodged            |     4 |     5 ||     9
